 Dungeon Crawl Stone Soup version 0.17-a0-1554-g3b847ca (webtiles) character file.

7248 namelastname112 the Martial Artist (level 10, -3/89 HPs)
             Began as a White Draconian Wizard on July 20, 2015.
             Was the Champion of Jiyva.
             Slain by a minotaur skeleton (6 damage)
             ... in a volcano.
             The game lasted 00:17:31 (8490 turns).

namelastname112 the Martial Artist (DrWz)           Turns: 8490, Time: 00:17:34

Health: -3/89      AC:  9    Str:  9    XL:     10   Next: 88%
Magic:  11/13      EV: 16    Int: 15    God:    Jiyva [******]
Gold:   438        SH:  0    Dex: 21    Spells: 1 memorised, 14 levels left

rFire  + . .     SeeInvis .       - Unarmed
rCold  + . .     Clarity  .     (armour unavailable)
rNeg   . . .     SustAt   .     (no shield)
rPois  .         Gourm    .     a - +0 hat
rElec  .         Spirit   .     j - +0 cloak
rCorr  +         Warding  .     h - +0 pair of gloves
rMut   .         Stasis   .     (no boots)
MR     .....                    (no amulet)
Stlth  ++........               I - ring of protection from fire
                                B - +4 ring of slaying

@: short of breath, not resistant to hostile enchantments, unstealthy
A: breathe frost, unfitting armour, antennae 1, stinger 1, agile 1, clever 1,
cold resistance 1, low mp 1, sense surroundings 1, robust 1, acidic bite,
pseudopods 1, cold-blooded, AC +7
a: Breathe Frost, Request Jelly, Jelly Paralyse, Slimify, Cure Bad Mutation,
Renounce Religion


You were in a volcano.
You worshipped Jiyva.
Jiyva was exalted by your worship.
You were completely stuffed.

You visited 2 branches of the dungeon, and saw 12 of its levels.
You also visited: Volcano.

You collected 438 gold pieces.

Inventory:

Hand weapons
 g - a +0 dagger of venom
 i - a +4 quarterstaff of chaos
 u - the cursed +3 hand axe of Disintegration {flame, Int+3, unknown}
   (You found it on level 5 of the Dungeon)

   It has been specially enchanted to burn those struck by it, causing extra
   injury to most foes and up to half again as much damage against particularly
   susceptible opponents.
   Big, fiery blades are also staple armaments of hydra-hunters.
   It affects your intelligence (+3).
   It has a curse placed upon it.
Armour
 a - a +0 hat (worn)
 h - a +0 pair of gloves (worn)
 j - a +0 cloak (worn)
Jewellery
 B - a +4 ring of slaying (left hand)
 I - a ring of protection from fire (right hand)
Magical devices
 d - a wand of digging (13)
 k - a wand of slowing (21)
 A - a wand of enslavement (9)
 G - a wand of slowing (14)
Scrolls
 l - 4 scrolls of identify
 n - a scroll of fear
 v - a scroll of magic mapping
 x - a scroll of silence {unknown}
 y - 2 scrolls of remove curse {unknown}
 D - 2 scrolls of noise {unknown}
 F - a scroll of brand weapon {unknown}
 H - a scroll of enchant weapon {unknown}
 J - a scroll of blinking {unknown}
 K - a scroll of enchant armour {unknown}
Potions
 e - a potion of flight {unknown}
 f - a potion of degeneration {unknown}
 w - 3 potions of curing
 E - a potion of mutation {unknown}
Books
 b - a book of Minor Magic

   Spells                             Type                      Level
   a - Magic Dart                     Conjuration                  1
   b - Blink                          Translocation                2
   c - Call Imp                       Summoning                    2
   d - Repel Missiles                 Charms/Air                   2
   e - Slow                           Hexes                        2
   f - Conjure Flame                  Conjuration/Fire             3
   g - Mephitic Cloud                 Conjuration/Poison/Air       3
 s - a book of the Tempests

   Spells                             Type                      Level
   a - Static Discharge               Conjuration/Air              3
   b - Lightning Bolt                 Conjuration/Air              5
   c - Fireball                       Conjuration/Fire             5
   d - Tornado                        Air                          9
   e - Shatter                        Earth                        9
Comestibles
 c - 4 bread rations
 p - 3 meat rations
 r - 2 beef jerkies
 z - a slice of pizza


   Skills:
 - Level 5.4 Fighting
 - Level 4.8 Dodging
 - Level 1.7 Stealth
 + Level 14.4 Unarmed Combat
 - Level 3.0 Spellcasting
 - Level 1.0 Conjurations
   Level 1.0 Summonings
   Level 1.0 Translocations


You had 14 spell levels left.
You knew the following spells:

 Your Spells              Type           Power        Failure   Level  Hunger
z - Magic Dart            Conj           #...         14%         1    #......


Dungeon Overview and Level Annotations

Branches:
Dungeon (11/15)            Temple (0/1) D:5            Lair (1/8) D:9
    Orc (0/4) D:10

Altars:
Elyvilon
Fedhas
Gozag
Kikubaaqudgha
Ru
Trog
Xom
Yredelemnul
Zin
Jiyva

Shops:
D:10 =


Innate Abilities, Weirdness & Mutations

You can breathe waves of freezing cold.
You can buffet flying creatures when you breathe cold.
Your icy white scales are hard (AC +7).
Your body does not fit into most forms of armour.
Your flesh is cold resistant.
You are cold-blooded and may be slowed by cold attacks.
You have a pair of small antennae on your head.
Your tail ends in a poisonous barb.
You are agile. (Dex +2)
Your mind is acute. (Int +2)
Your magical capacity is low (-10% MP).
You passively map a small area around you.
You are robust (+10% HP).
You have acidic saliva.
Armour fits poorly on your pseudopods.


Message History

You hit the minotaur skeleton. You tail-slap the minotaur skeleton!
The minotaur skeleton closely misses you.
The minotaur skeleton barely misses you.
You punch the minotaur skeleton! You bite the minotaur skeleton.
The minotaur skeleton is splashed with acid.
The acid corrodes the minotaur skeleton!
You bludgeon the minotaur skeleton. You hit the minotaur skeleton.
You bite the minotaur skeleton.
The minotaur skeleton is splashed with acid.
The acid corrodes the minotaur skeleton!
The minotaur skeleton barely misses you.
The minotaur skeleton gores you!
* * * LOW HITPOINT WARNING * * *
You punch the minotaur skeleton! You bite the minotaur skeleton.
The minotaur skeleton is splashed with acid.
The acid corrodes the minotaur skeleton!
You bludgeon the minotaur skeleton. The minotaur skeleton hits you!
* * * LOW HITPOINT WARNING * * *
The minotaur skeleton gores you.
You die...

#### ...### .....###
*#### .......### ...#
.........### *#.∩.## *
...........### * ..... #
, , ≈≈≈≈.........## ...
...,
≈≈≈§≈≈≈..§§..§####.#..#.#
,
§≈≈§§≈§≈≈≈§.....@Z......#
≈≈§≈≈≈§≈...§.§####.#..#.#
≈≈§≈≈§§§§.§§.##* ...,...
≈§≈≈≈≈≈≈§≈..## ..... #
≈≈≈≈≈≈§≈§≈≈## #Z##.#*
≈≈≈≈≈≈§≈≈## .# #
≈≈≈≈≈≈≈## .# , ≈## .# ,


You could see a minotaur skeleton.

Vanquished Creatures
  An unseen horror (D:7)
  A hill giant (D:11)
  2 centaur skeletons
  Grinder (D:3)
  A troll (D:9)
  A flying skull (Volcano)
  3 fire bats (Lair:1)
  Eustachio (D:6)
  5 yaks (D:10)
  A hungry ghost (D:9)
  Menkaure (D:5)
  A steam dragon (D:10)
  2 wolves (Lair:1)
  Duvessa (D:6)
  A porcupine (Lair:1)
  4 ice beasts
  2 ogres
  3 sky beasts
  A centaur (D:9)
  A giant frog (D:6)
  A big kobold (D:7)
  A wyvern zombie (D:11)
  6 killer bees (D:9)
  4 scorpions
  Dowan (D:6)
  4 wights (D:10)
  A spriggan skeleton (Volcano)
  2 quasits (D:7)
  2 crimson imps
  4 hounds
  Crazy Yiuf (D:2)
  3 orc priests
  Ijyb (D:2)
  A worker ant (D:7)
  2 giant frog skeletons (D:4)
  2 iguanas
  4 orc wizards
  Robin (D:2)
  8 adders
  An adder zombie (D:6)
  4 worms
  An adder skeleton (D:5)
  4 giant geckos
  23 orcs
  A bat skeleton (D:6)
  5 giant cockroaches
  18 goblins
  22 hobgoblins
  6 jackals (D:5)
  15 kobolds
  A quokka (D:3)
  A ball python (D:2)
  10 bats
  A giant gecko zombie (D:6)
  6 giant newts
  A jackal skeleton (D:6)
  8 rats
  A plant (D:6)
212 creatures vanquished.

Vanquished Creatures (collateral kills)
  Erica (Lair:1)
  A cyclops (D:11)
  Grum (Lair:1)
  A wolf (Lair:1)
4 creatures vanquished.

Vanquished Creatures (others)
  A centaur skeleton (D:11)
  Prince Ribbit (D:5)
  A vampire (Volcano)
  A deep elf mage (D:10)
  2 hippogriffs
  A wolf (Lair:1)
  A merfolk skeleton (Volcano)
  An ice beast (D:7)
  A phantom (D:10)
  A giant frog (Lair:1)
  A scorpion (D:5)
  2 crimson imps
  3 hounds
  16 jellies
  2 orc wizards
  2 worker ants (D:4)
  An orc priest (D:5)
  An iguana (D:10)
  2 naga skeletons (Volcano)
  A hound skeleton (D:7)
  A worker ant zombie (D:5)
  3 adders
  A giant gecko (D:7)
  10 orcs
  A bat zombie (D:5)
  3 goblins
  2 hobgoblins
  A jackal (D:10)
  3 kobolds
  2 quokkas
  A bat (D:9)
  A giant gecko zombie (D:6)
  A giant newt (D:4)
  A jackal skeleton (D:7)
  3 rats
76 creatures vanquished.

Grand Total: 292 creatures vanquished

Notes
Turn   | Place    | Note
--------------------------------------------------------------
     0 | D:1      | namelastname112 the Draconian Wizard began the quest for the Orb.
     0 | D:1      | Reached XP level 1. HP: 14/14 MP: 4/4
   151 | D:1      | Reached skill level 1 in Fighting
   160 | D:1      | Reached XP level 2. HP: 21/23 MP: 0/6
   889 | D:2      | Reached XP level 3. HP: 29/29 MP: 1/7
  1387 | D:2      | Found a sacrificial altar of Ru.
  1416 | D:2      | Noticed Ijyb
  1480 | D:2      | Killed Ijyb
  1480 | D:2      | Reached XP level 4. HP: 30/37 MP: 8/8
  1549 | D:2      | Noticed Crazy Yiuf
  1563 | D:2      | Killed Crazy Yiuf
  1860 | D:2      | Noticed Robin
  1893 | D:2      | Killed Robin
  2091 | D:3      | Reached XP level 5. HP: 33/45 MP: 9/9
  2112 | D:3      | Noticed Grinder
  2122 | D:3      | Killed Grinder
  2122 | D:3      | Reached skill level 4 in Fighting
  2122 | D:3      | Reached XP level 6. HP: 19/55 MP: 10/10
  2309 | D:3      | Reached skill level 5 in Fighting
  2776 | D:3      | Found a faded altar to an unknown god.
  2792 | D:3      | Became a worshipper of Jiyva Josm the Shapeless
  2792 | D:3      | Acquired Jiyva's first power
  3038 | D:4      | Reached skill level 1 in Unarmed Combat
  3038 | D:4      | Your scales start taking on an icy white colour.
  3038 | D:4      | Gained mutation: Your flesh is cold resistant. [White Draconian growth]
  3038 | D:4      | Reached XP level 7. HP: 61/61 MP: 11/11
  3043 | D:4      | Found a white marble altar of Elyvilon.
  3175 | D:4      | Acquired Jiyva's second power
  3354 | D:4      | Found a bloodstained altar of Trog.
  3756 | D:5      | Entered Level 5 of the Dungeon
  3800 | D:5      | Gained mutation: Armour fits poorly on your pseudopods. [Jiyva's grace]
  3823 | D:5      | Noticed Menkaure
  3824 | D:5      | Noticed Prince Ribbit
  3828 | D:5      | Killed Menkaure
  3828 | D:5      | Reached skill level 5 in Unarmed Combat
  4069 | D:5      | Killed Prince Ribbit
  4069 | D:5      | Reached XP level 8. HP: 49/69 MP: 12/12
  4084 | D:5      | Acquired Jiyva's third power
  4084 | D:5      | Gained mutation: Your spells are a little harder to cast, but a little more powerful. [Jiyva's grace]
  4118 | D:5      | Found a staircase to the Ecumenical Temple.
  4314 | D:5      | Got a translucent hand axe
  4466 | D:6      | Found an ancient bone altar of Kikubaaqudgha.
  4489 | D:6      | Reached skill level 6 in Unarmed Combat
  4514 | D:6      | Noticed Eustachio
  4540 | D:6      | Killed Eustachio
  4540 | D:6      | Reached skill level 7 in Unarmed Combat
  4562 | D:6      | Found a shimmering altar of Xom.
  4564 | D:6      | Noticed Duvessa
  4564 | D:6      | Noticed Dowan
  4587 | D:6      | Killed Dowan
  4599 | D:6      | Killed Duvessa
  4828 | D:6      | Reached skill level 8 in Unarmed Combat
  5057 | D:6      | Gained mutation: You have acidic saliva. [Jiyva's grace]
  5108 | D:6      | Acquired Jiyva's fourth power
  5262 | D:7      | Lost mutation: Your spells are a little harder to cast, but a little more powerful. [Jiyva's grace]
  5370 | D:7      | Found a glowing silver altar of Zin.
  5704 | D:7      | Reached skill level 9 in Unarmed Combat
  5867 | D:7      | Killed an unseen horror
  5867 | D:7      | Reached skill level 10 in Unarmed Combat
  5867 | D:7      | Reached XP level 9. HP: 54/74 MP: 13/13
  6220 | D:8      | Found an opulent altar of Gozag.
  6222 | D:8      | Found a blossoming altar of Fedhas.
  6225 | D:8      | Found a basalt altar of Yredelemnul.
  6275 | D:8      | Gained mutation: You have a pair of small antennae on your head. [mutagenic meat]
  6276 | D:8      | Gained mutation: You are frail (-10% HP). [mutagenic meat]
  6277 | D:8      | Lost mutation: You are frail (-10% HP). [mutagenic meat]
  6278 | D:8      | Gained mutation: You passively map a small area around you. [mutagenic meat]
  6280 | D:8      | Gained mutation: Your magical capacity is low (-10% MP). [mutagenic meat]
  6583 | D:9      | Gained mutation: You are agile. (Dex +2) [Jiyva's grace]
  6593 | D:9      | Reached skill level 11 in Unarmed Combat
  6779 | D:9      | Found a staircase to the Lair.
  6894 | D:9      | Reached skill level 12 in Unarmed Combat
  7144 | D:10     | Entered Level 10 of the Dungeon
  7169 | D:10     | Reached XP level 10. HP: 81/81 MP: 13/13
  7222 | D:10     | Found a staircase to the Orcish Mines.
  7300 | D:10     | Gained mutation: Your mind is acute. (Int +2) [Jiyva's grace]
  7350 | D:10     | Gained mutation: Your body is partially covered in golden eyeballs (Acc +3). [Jiyva's grace]
  7390 | D:10     | Found Niacoe's Jewellery Emporium.
  7716 | D:11     | Reached skill level 13 in Unarmed Combat
  7818 | D:11     | Lost mutation: Your body is partially covered in golden eyeballs (Acc +3). [Jiyva's grace]
  7898 | D:11     | Noticed a hill giant
  7909 | D:11     | Killed a hill giant
  7919 | D:11     | Noticed a cyclops
  7924 | D:11     | Noticed a purple ugly thing
  7924 | D:11     | Noticed a seven-headed hydra
  7933 | D:11     | Killed a cyclops
  8275 | Lair:1   | Entered Level 1 of the Lair of Beasts
  8280 | Lair:1   | Noticed Grum
  8282 | Lair:1   | Noticed Erica
  8292 | Lair:1   | Killed Erica
  8292 | Lair:1   | Reached skill level 14 in Unarmed Combat
  8295 | Lair:1   | Killed Grum
  8335 | Lair:1   | Gained mutation: Your tail ends in a poisonous barb. [potion of beneficial mutation]
  8336 | Lair:1   | Gained mutation: You are robust (+10% HP). [potion of beneficial mutation]
  8379 | Lair:1   | Found a dark tunnel.
  8393 | Volcano  | Entered a volcano
  8474 | Volcano  | Noticed a death ooze
  8490 | Volcano  | HP: 3/89 [minotaur skeleton (7)]
  8490 | Volcano  | Slain by a minotaur skeleton

Vault maps used:
D:1:      dpeg_arrival_central, minmay_distorted
D:2:      hangedman_ru_absence, uniq_crazy_yiuf_cottage, uniq_robin, uniq_iyjb
D:3:      ecumenical_altar_2, uniq_grinder
D:4:      old_standard_altar, trog_butcher_becter
D:5:      first_bread, st_stairs_7, uniq_menkaure, uniq_prince_ribbit1
D:6:      kiku_gazebo_garden_becter, xom_teletrap_fun, uniq_duvessa,
          uniq_eustachio
D:7:      basic_altar, minivault_1
D:8:      grunt_temple_overflow_diamond
D:9:      lair_0_dummy
D:10:     orc_0_dummy, serial_shops, nicolae_shop_window_shopping
D:11:     serial_shops, kennysheep_little_box, blue_anna_alchemist,
          uniq_josephine
Lair:1:   nicolae_volcano_entry_batcave, uniq_fannar, uniq_erica, uniq_grum
Volcano:  volcano_tomb

Action                   |  1- 3 |  4- 6 |  7- 9 | 10-12 || total
-------------------------+-------+-------+-------+-------++-------
Melee: Dagger            |   146 |     8 |       |       ||   154
       Quarterstaff      |       |   121 |   258 |       ||   379
       Unarmed           |       |       |    49 |   114 ||   163
 Cast: Magic Dart        |    72 |     8 |       |       ||    80
Invok: Slimify           |       |       |       |     1 ||     1
 Abil: Breathe Frost     |       |       |     1 |     3 ||     4
  Use: Potion            |     5 |     3 |       |     2 ||    10
       Scroll            |       |       |       |     8 ||     8
 Stab: Sleeping          |     1 |     2 |     5 |       ||     8
       Paralysed         |       |       |     3 |       ||     3
  Eat: Chunk             |     2 |       |     8 |       ||    10
       Meat ration       |       |     1 |       |       ||     1
       Beef jerky        |       |       |     1 |       ||     1
